 Dungeon Crawl Stone Soup version 0.22.1-5-g62c59d919a (webtiles) character file.

2097 rxdesu the Quickloader (level 9, -6/79 HPs)
             Began as a Minotaur Hunter on Jan 6, 2019.
             Mangled by an orc warrior
             ... wielding a +0 dire flail
              (18 damage)
             ... on level 7 of the Dungeon on Jan 13, 2019.
             The game lasted 00:54:50 (6845 turns).

rxdesu the Quickloader (Minotaur Hunter)            Turns: 6845, Time: 00:54:51

Health: -6/79      AC:  3    Str: 19    XL:     9   Next: 7%
Magic:  8/8        EV: 13    Int:  8    God:
Gold:   499        SH:  0    Dex: 12    Spells: 8/8 levels left

rFire    + . .     SeeInvis +   c - +0 dagger
rCold    . . .     Gourm    .   (no shield)
rNeg     . . .     Faith    .   z - +0 leather armour
rPois    .         Spirit   .   (helmet restricted)
rElec    .         Reflect  .   (no cloak)
rCorr    .         Harm     .   (no gloves)
MR       .....                  (no boots)
Stlth    ++........             (no amulet)
HPRegen  0.23/turn              q - ring of see invisible
MPRegen  0.11/turn              o - ring of protection from fire

@: no status effects
A: retaliatory headbutt, horns 2
a: no special abilities


You were on level 7 of the Dungeon.
You were not hungry.

You visited 2 branches of the dungeon, and saw 9 of its levels.

You collected 499 gold pieces.

Inventory:

Hand Weapons
 a - a +1 hand crossbow
 c - a +0 dagger (weapon)
 n - a cursed +0 hand axe
 x - a +4 quarterstaff of chaos
Armour
 y - a +1 cloak of magic resistance
 z - a +0 leather armour (worn)
Jewellery
 h - an uncursed ring of stealth
 j - an uncursed ring of attention
 o - a ring of protection from fire (right hand)
 q - a ring of see invisible (left hand)
Wands
 B - a wand of flame (19)
Scrolls
 d - a scroll of blinking
 g - a scroll of remove curse
 k - 2 scrolls of enchant weapon
 p - 3 scrolls of fog
 s - 2 scrolls of magic mapping
 t - 2 scrolls of teleportation
 u - 2 scrolls of amnesia
Potions
 b - 2 potions of haste {unknown}
 i - a potion of flight {unknown}
 l - 2 potions of heal wounds {unknown}
 m - a potion of degeneration {unknown}
 r - 2 potions of mutation {unknown}
 v - a potion of experience {unknown}
 w - a potion of curing
 A - a potion of brilliance {unknown}
Comestibles
 f - 6 rations


   Skills:
 + Level 7.5 Fighting
 + Level 2.5 Short Blades
 - Level 10.0 Crossbows
 + Level 4.2 Armour
 + Level 4.4 Dodging
 + Level 2.0 Stealth


You had 8 spell levels left.
You didn't know any spells.
Your spell library contained the following spells:

 Spells                   Type           Power        Failure   Level  Hunger
 Confusing Touch          Hex            #.....       45%         1    ##.....
 Confuse                  Hex            #.......     83%         3    ####...
 Gell's Gravitas          Tloc           #.........   83%         3    ####...
 Petrify                  Tmut/Erth      #.......     99%         4    #####..
 Metabolic Englaciation   Hex/Ice        #.........   100%        5    ######.
 Yara's Violent Unravell  Hex/Tmut       #.........   100%        5    ######.


Dungeon Overview and Level Annotations

Branches:
Dungeon (8/15)             Temple (1/1) D:4
   Lair: D:8-11

Altars:
Ashenzari
Cheibriados
Dithmenos
Elyvilon
Fedhas
Gozag
Kikubaaqudgha
Makhleb
Nemelex Xobeh
Okawaru
Qazlal
Ru
Sif Muna
Trog
Uskayaw
Vehumet
Wu Jian
Yredelemnul
Zin
The Shining One

Shops:
D:5 [


Innate Abilities, Weirdness & Mutations

You reflexively headbutt those who attack you in melee.
You have a pair of horns on your head.


Message History

The orc warrior is moderately wounded.
The orc warrior barely misses you. You furiously retaliate!
You headbutt the orc warrior, but do no damage.
You hit the orc warrior but do no damage.
The orc warrior is moderately wounded.
The orc warrior hits you with a dire flail!
You hit the orc warrior.
You headbutt the orc warrior, but do no damage.
The orc warrior is moderately wounded.
The orc warrior hits you with a dire flail!
You hit the orc warrior. Your headbutt misses the orc warrior.
The orc warrior is moderately wounded.
You closely miss the orc warrior. Your headbutt misses the orc warrior.
The orc warrior is moderately wounded.
The orc warrior hits you with a dire flail!!
* * * LOW HITPOINT WARNING * * *
You hit the orc warrior.
The orc warrior is moderately wounded.
The orc warrior hits you with a dire flail!!
You die...

..#.........#....#..>...#....#...
'##.........########..###..###...
..###'#......#..####..####'#.....
......#......#........#....#.....
......#......#........'....'.....
......#......#........#....#.....
......+......#........#....#.....
#####.#......#######.#######.....
....#.##........@o##.#......#####
....#..#..........#..#......#
....#..#..........#..8##...8#
....#..#..........#..##....##
....#..#..........#........#
....#..#..........#..#.....#
....##'#..........###.#...#######
###..........####....##...##.....
#..........# #....8.##..8.....


You could see an orc warrior.

Vanquished Creatures
  Eustachio (D:6)
  Menkaure (D:6)
  A sky beast (D:5)
  2 ice beasts
  A phantom (D:5)
  2 ogres
  2 centaurs
  2 howler monkeys
  A crimson imp (D:7)
  Crazy Yiuf (D:6)
  3 orc priests
  3 hounds
  2 bullfrog skeletons
  2 jellies
  A gnoll shaman (D:6)
  A centaur skeleton (D:5)
  6 orc wizards
  7 worker ants
  A hound zombie (D:5)
  A worker ant zombie (D:5)
  13 adders
  3 gnolls (D:6)
  A shadow imp (D:6)
  An ooze (D:1)
  2 adder skeletons
  An adder zombie (D:7)
  2 worms (D:2)
  A dart slug (D:2)
  3 leopard geckos
  23 orcs
  2 giant cockroaches
  8 goblins
  14 hobgoblins
  10 jackals
  4 quokkas
  A ball python (D:1)
  6 bats
  6 frilled lizards
  2 jackal skeletons (D:6)
  3 kobolds
  A quokka zombie (D:7)
  7 rats
155 creatures vanquished.

Notes
Turn   | Place    | Note
-------+----------+-------------------------------------------
     0 | D:1      | rxdesu the Minotaur Hunter began the quest for the Orb.
     0 | D:1      | Reached XP level 1. HP: 18/18 MP: 0/0
    66 | D:1      | Reached XP level 2. HP: 25/25 MP: 1/1
   121 | D:1      | Reached skill level 5 in Crossbows
   677 | D:2      | Reached XP level 3. HP: 30/30 MP: 2/2
  1041 | D:2      | Reached XP level 4. HP: 31/38 MP: 3/3
  1203 | D:2      | Reached skill level 6 in Crossbows
  1700 | D:3      | Reached skill level 1 in Armour
  1835 | D:3      | Reached XP level 5. HP: 31/45 MP: 4/4
  1940 | D:3      | Reached skill level 1 in Short Blades
  1947 | D:3      | Reached skill level 1 in Stealth
  2149 | D:3      | Found an ornate altar of the Wu Jian Council.
  2624 | D:3      | Reached XP level 6. HP: 52/52 MP: 5/5
  3359 | D:4      | Found a staircase to the Ecumenical Temple.
  3713 | Temple   | Entered the Ecumenical Temple
  3862 | Temple   | Upgraded the game from 0.22.1-2-g9c5b331383 to
                  | 0.22.1-5-g62c59d919a
  3914 | D:5      | Entered Level 5 of the Dungeon
  3920 | D:5      | Reached skill level 7 in Crossbows
  3961 | D:5      | Reached XP level 7. HP: 60/60 MP: 6/6
  4005 | D:5      | Found an opulent altar of Gozag.
  4027 | D:5      | Found Yttig's Antique Armour Emporium.
  4212 | D:5      | Found an ancient bone altar of Kikubaaqudgha.
  4261 | D:5      | Found a shattered altar of Ashenzari.
  4286 | D:5      | Reached skill level 8 in Crossbows
  4297 | D:5      | Reached skill level 5 in Fighting
  4472 | D:5      | Found a bloodstained altar of Trog.
  4516 | D:5      | Reached XP level 8. HP: 46/68 MP: 7/7
  4895 | D:6      | Reached skill level 9 in Crossbows
  5131 | D:6      | Noticed Eustachio
  5135 | D:6      | Noticed Menkaure
  5144 | D:6      | Killed Eustachio
  5150 | D:6      | Killed Menkaure
  5347 | D:6      | Reached skill level 10 in Crossbows
  5635 | D:6      | Found a runed door.
  5763 | D:6      | Noticed Crazy Yiuf
  5767 | D:6      | Killed Crazy Yiuf
  6252 | D:7      | Found a sand-covered staircase.
  6268 | D:7      | Reached XP level 9. HP: 79/79 MP: 8/8
  6845 | D:7      | Mangled by an orc warrior

Skill      XL: |  1  2  3  4  5  6  7  8 |
---------------+-------------------------+-----
Crossbows      | 5 6 7 8 10 | 10.0
Fighting       | 3 4 5 7 |  7.5
Armour         | 1 2 3 4 |  4.2
Short Blades   | 1 2 |  2.5
Stealth        | 1 2 |  2.0
Dodging        | 3 4 |  4.4

Action                   |  1- 3 |  4- 6 |  7- 9 || total
-------------------------+-------+-------+-------++-------
Melee: Dagger            |     8 |   108 |     6 ||   122
       Short sword       |     5 |       |       ||     5
       Headbutt          |     2 |    20 |     2 ||    24
       Hand crossbow     |       |       |     1 ||     1
 Fire: Hand crossbow     |    68 |    83 |   231 ||   382
  Use: Scroll            |     3 |     5 |     5 ||    13
       Potion            |       |     1 |       ||     1
  Eat: Chunk             |       |     6 |     7 ||    13
       Ration            |       |     1 |     1 ||     2
Armor: Leather armour    |     4 |    23 |    10 ||    37
Dodge: Dodged            |    20 |    76 |    48 ||   144
